 Dungeon Crawl Stone Soup version 0.22.0-6-g71bd7aa6b3 (webtiles) character file.

119 IceCat the Chiller (level 4, 0/24 HPs)
             Began as a Deep Elf Ice Elementalist on Aug 15, 2018.
             Slain by a bullfrog zombie (2 damage)
             ... on level 2 of the Dungeon.
             The game lasted 00:09:51 (2426 turns).

IceCat the Chiller (Deep Elf Ice Elementalist)      Turns: 2426, Time: 00:09:51

Health: 0/24       AC:  3    Str:  5    XL:     4   Next: 73%
Magic:  6/11       EV: 11    Int: 21    God:
Gold:   114        SH:  0    Dex: 15    Spells: 0/10 levels left

rFire    + . .     SeeInvis .   g - +0 dagger
rCold    + . .     Gourm    .   (no shield)
rNeg     . . .     Faith    .   d - +0 leather armour (curse)
rPois    +         Spirit   .   (no helmet)
rElec    +         Reflect  .   (no cloak)
rCorr    +         Harm     .   (no gloves)
MR       .....                  (no boots)
Stlth    ++........             (no amulet)
HPRegen  0.08/turn              (no ring)
MPRegen  0.12/turn              (no ring)

@: resistant, flying, drained
A: no striking features
a: no special abilities


You were on level 2 of the Dungeon.
You were not hungry.

You visited 1 branch of the dungeon, and saw 2 of its levels.

You collected 114 gold pieces.

Inventory:

Hand Weapons
 g - a +0 dagger (weapon)
Armour
 a - a +0 robe
 d - a cursed +0 leather armour (worn)
Scrolls
 b - a scroll of fog {unknown}
 e - 3 scrolls of identify {unknown}
 f - a scroll of remove curse {unknown}
 i - a scroll of amnesia {unknown}
Potions
 j - a potion of lignification {unknown}
 k - a potion of flight
Comestibles
 c - 4 rations
 l - 4 chunks of flesh


   Skills:
 + Level 0.4(0.0) Fighting
 + Level 1.1(0.5) Armour
 + Level 2.6(1.9) Dodging
 + Level 2.6(2.0) Stealth
 + Level 3.9(3.2) Spellcasting
 * Level 1.5(0.9) Conjurations
 + Level 4.8(4.0) Ice Magic


You couldn't memorise any spells.
You knew the following spells:

 Your Spells              Type           Power        Failure   Level  Hunger
a - Freeze                Ice            ###.         4%          1    None
b - Throw Frost           Conj/Ice       ##....       12%         2    ##.....
c - Throw Icicle          Conj/Ice       ##......     61%         4    ####...
d - Ozocubu's Armour      Chrm/Ice       ##......     28%         3    ###....

Your spell library contained the following spells:

 Spells                   Type           Power        Failure   Level  Hunger
 Summon Ice Beast         Ice/Summ       ##......     67%         4    ####...


Dungeon Overview and Level Annotations

Branches:
Dungeon (2/15)

Altars:


Message History

Press: ? - help, Shift-Dir - straight line, f/p - bullfrog zombie
Aim: a bullfrog zombie (heavily damaged)
You freeze the bullfrog zombie.
The bullfrog zombie resists.
The bullfrog zombie is heavily damaged.
The bullfrog zombie hits you.
* * * LOW HITPOINT WARNING * * *
You hit the bullfrog zombie.
The bullfrog zombie is heavily damaged.
The bullfrog zombie barely misses you. The bullfrog zombie hits you.
* * * LOW HITPOINT WARNING * * *
Your icy armour cracks and falls away as you move.
It was a potion of flight.
You feel very buoyant.
You fly up into the air.
The bullfrog zombie hits you but does no damage.
The bullfrog zombie barely misses you.
It was a potion of resistance.
You feel protected. The bullfrog zombie hits you.
You die...

#.# #.#
#.# #.#
#.#
..####.#
#.#
.......#
#.#
...#####
#.# ...#
#.# ...#
#.# ...#
#Z# ...#
##### #@#
.###
#...####.#
.#
#........#
.#
#...######
## ##.##
#.# #.#
#.# #.#


You could see a bullfrog zombie.

Vanquished Creatures
  Jessica (D:2)
  A gnoll (D:2)
  4 adders (D:2)
  An ooze (D:2)
  A worm (D:1)
  A leopard gecko (D:1)
  An orc (D:2)
  2 giant cockroaches
  3 goblins
  2 hobgoblins
  6 jackals
  6 kobolds
  5 bats
  2 frilled lizards (D:1)
  4 rats
40 creatures vanquished.

Notes
Turn   | Place    | Note
-------+----------+-------------------------------------------
     0 | D:1      | IceCat the Deep Elf Ice Elementalist began the quest for the Orb.
     0 | D:1      | Reached XP level 1. HP: 10/10 MP: 6/6
   291 | D:1      | Reached XP level 2. HP: 15/15 MP: 6/8
   357 | D:1      | Learned a level 2 spell: Throw Frost
   706 | D:2      | Noticed an ogre
   709 | D:2      | Reached skill level 4 in Ice Magic
   865 | D:2      | Reached XP level 3. HP: 19/19 MP: 6/9
   943 | D:2      | Noticed Jessica
   954 | D:2      | Killed Jessica
  1370 | D:2      | Reached XP level 4. HP: 23/24 MP: 2/11
  1477 | D:1      | Learned a level 4 spell: Throw Icicle
  1483 | D:1      | Learned a level 3 spell: Ozocubu's Armour
  2139 | D:2      | Reached skill level 1 in Armour
  2422 | D:2      | HP: 1/24 [bullfrog zombie (6)]
  2426 | D:2      | Slain by a bullfrog zombie

Skill      XL: |  1  2  3  4 |
---------------+-------------+-----
Ice Magic      | 4 |  4.8
Armour         | 1 |  1.1
Fighting       | |  0.4
Dodging        | |  2.6
Stealth        | |  2.6
Spellcasting   | |  3.9
Conjurations   | |  1.5

Action                   |  1- 3 |  4- 6 || total
-------------------------+-------+-------++-------
Melee: Dagger            |    14 |     7 ||    21
 Cast: Freeze            |    39 |    21 ||    60
       Throw Frost       |    10 |    19 ||    29
       Ozocubu's Armour  |       |     1 ||     1
  Use: Potion            |       |     2 ||     2
  Eat: Chunk             |     1 |     5 ||     6
Armor: Robe              |     1 |       ||     1
       Leather armour    |    14 |    13 ||    27
Dodge: Dodged            |    32 |    31 ||    63
